 Dungeon Crawl Stone Soup version 0.29.0-4-gdea44cf6ec (webtiles) character file.

Game seed: 1919268017495048548

57 qw the Ruffian (level 3, -4/36 HPs)
             Began as a Troll Cinder Acolyte on Sept 1, 2022.
             Was a High Priest of Ignis.
             Slain by a gnoll
             ... wielding a +0 whip
              (8 damage)
             ... on level 2 of the Dungeon.
             The game lasted 00:00:29 (1087 turns).

qw the Ruffian (Troll Cinder Acolyte)               Turns: 1087, Time: 00:00:30

Health: -4/36      AC: 15    Str: 24    XL:     3   Next: 73%
Magic:  3/3        EV:  9    Int: 10    God:    Ignis [*****.]
Gold:   19         SH:  0    Dex:  5    Spells: 4/4 levels left

rFire   + . .      SeeInvis .     - Unarmed
rCold   . . .      Faith    .   (no shield)
rNeg    . . .      Spirit   .   a - +0 robe
rPois   .          Reflect  .   (helmet restricted)
rElec   .          Harm     .   (no cloak)
rCorr   .          Rampage  .   (gloves unavailable)
Will    .....                   (boots unavailable)
Stlth   +.........              (no amulet)
HPRegen 0.92/turn               d - +4 ring of protection
MPRegen 0.08/turn               (no ring)

@: lethally poisoned (-4 -> -8), about to teleport, fiery-armoured
A: large, unfitting armour, claws 3, regeneration 1, shaggy fur 1, tough skin 1
a: Renounce Religion, Fiery Armour, Foxfire Swarm, Rising Flame


You were on level 2 of the Dungeon.
You worshipped Ignis.
Ignis was extremely pleased with you.
You visited 1 branch of the dungeon, and saw 2 of its levels.

You collected 19 gold pieces.


Innate Abilities, Weirdness & Mutations

You are too large for most types of armour.
You have claws for hands.
Your natural rate of healing is unusually fast.
You are covered in fur. (AC +1)
You have tough skin. (AC +1)


   Skills:
 - Level 2.4 Fighting
 - Level 1.2 Throwing
 + Level 4.4 Unarmed Combat
 - Level 1.0 Spellcasting
 - Level 2.1 Fire Magic


You had 4 spell levels left.
You didn't know any spells.
Your spell library contained the following spells:

 Spells                   Type           Power      Damage    Failure   Level
 Scorch                   Fire           8%         2d5       22%         2

Inventory:

Missiles
 c - 5 javelins (quivered)
Armour
 a - a +0 robe (worn)
Jewellery
 d - a +4 ring of protection (left claw)
Scrolls
 e - a scroll of identify {unknown}
Potions
 b - a potion of berserk rage {unknown}
 f - a potion of ambrosia {unknown}

Dungeon Overview and Level Annotations

Branches:
Dungeon (2/15)

Altars:

Shops:
D:1 =(


Message History

The kobold attacks as you move away! The kobold barely misses you.
You feel sick.
1081 ||| Stepping ~*~*~tactically~*~*~ (outnumbered).
The gnoll attacks as you move away! The gnoll hits you with a +0 flail.
The gnoll is burned by your cloak of flames.
You kill the gnoll!
You feel sick.
Your Throwing skill increases to level 1!
You scratch the kobold.
You kill the kobold!
You feel sick.
The gnoll hits you from afar with a +1 spear of venom.
You are more poisoned.
A goblin comes into view. It is wielding a +0 dagger.
You feel very sick.
The goblin shouts!
The gnoll barely misses you. The gnoll closely misses you.
Things that are here:
a +0 dagger; 5 stones You completely miss the gnoll.
The gnoll is severely wounded.
You feel sick. The gnoll hits you but does no damage.
The gnoll is burned by your cloak of flames.
The gnoll is moderately wounded.
The gnoll hits you with a +1 spear of venom.
You are lethally poisoned!
The gnoll is burned by your cloak of flames.
The gnoll is almost dead.
You claw the gnoll!
You kill the gnoll!
You feel very sick.
1086 ||| READING scroll of teleportation.
As you read the scroll of teleportation, it crumbles to dust.
You feel strangely unstable.
You feel very sick. The gnoll misses you.
You scratch the gnoll but do no damage.
The gnoll is moderately wounded.
You feel sick. The gnoll hits you with a +0 whip!
You die...

(..........##........#
...........##........#
#)...+...<.....#
#....####...##.#
#g...####.#.#
#...[##...#...
#....##...# .##
#)g..##..%+ ..
#@...##...# #.
#....#....# .#
#....#....#
#######....#%...#
#..............##
#..............#
#..............#
#..............#
#..............#


You could see a gnoll and a goblin.

Vanquished Creatures
  3 gnolls (D:2)
  A dart slug (D:1)
  2 endoplasms (D:1)
  5 hobgoblins (D:1)
  2 quokkas (D:1)
  6 ball pythons
  A bat (D:1)
  A kobold (D:2)
  7 rats
28 creatures vanquished.

Vanquished Creatures (others)
  4 toadstools (D:1)
4 creatures vanquished.

Grand Total: 32 creatures vanquished

Notes
Turn   | Place    | Note
-------+----------+-------------------------------------------
     0 | D:1      | qw the Troll Cinder Acolyte began the quest for the Orb.
     0 | D:1      | Reached XP level 1. HP: 22/22 MP: 1/1
     0 | D:1      | 0 ||| qw: Version: 0.1-a-97-g2dd2ca4
     0 | D:1      | 0 ||| qw: Game counter: 4699
     0 | D:1      | 0 ||| qw: Always use a shield: true
     0 | D:1      | 0 ||| qw: God list: Okawaru
     0 | D:1      | 0 ||| qw: Allow faded altars: false
     0 | D:1      | 0 ||| qw: Do Orc after D:15 true
     0 | D:1      | 0 ||| qw: Do second Lair branch before Depths: true
     0 | D:1      | 0 ||| qw: Lair rune preference: random
     0 | D:1      | 0 ||| qw: Plans: Normal
     0 | D:1      | 0 ||| PLANNING D:1-11
    31 | D:1      | 31 ||| Stepping ~*~*~tactically~*~*~ (stealth).
   127 | D:1      | Reached XP level 2. HP: 29/29 MP: 2/2
   332 | D:1      | Found Guot's Weapon Shoppe.
   383 | D:1      | Found Alakuf's Jewellery Boutique.
   392 | D:1      | 392 ||| SHOPLISTING +4 ring of evasion (468 gold, have 0).
   392 | D:1      | 392 ||| SHOPLISTING +4 ring of protection (468 gold, have
                  | 0).
   392 | D:1      | 392 ||| SHOPLISTING +6 ring of dexterity (468 gold, have
                  | 0).
   392 | D:1      | 392 ||| SHOPLISTING ring of ice (325 gold, have 0).
   392 | D:1      | 392 ||| SHOPLISTING ring of positive energy (260 gold, have
                  | 0).
   392 | D:1      | 392 ||| SHOPLISTING ring of protection from cold (325 gold,
                  | have 0).
   392 | D:1      | 392 ||| SHOPLISTING ring of see invisible (195 gold, have
                  | 0).
   584 | D:1      | Reached skill level 4 in Unarmed Combat
   868 | D:1      | Found Xuos's General Store.
   958 | D:1      | 958 ||| UPGRADING to +4 ring of protection.
   959 | D:1      | 959 ||| READING scroll labelled BIKHUD UDOMO.
   960 | D:1      | 960 ||| READING 2 scrolls labelled TUSUVU GOIWAO.
  1068 | D:2      | 1068 ||| Stepping ~*~*~tactically~*~*~ (hiding).
  1070 | D:2      | 1070 ||| INVOKING Fiery Armour.
  1072 | D:2      | Reached XP level 3. HP: 34/36 MP: 3/3
  1075 | D:2      | 1075 ||| Stepping ~*~*~tactically~*~*~ (outnumbered).
  1076 | D:2      | 1076 ||| Stepping ~*~*~tactically~*~*~ (outnumbered).
  1077 | D:2      | 1077 ||| Stepping ~*~*~tactically~*~*~ (outnumbered).
  1078 | D:2      | 1078 ||| Stepping ~*~*~tactically~*~*~ (outnumbered).
  1079 | D:2      | 1079 ||| Stepping ~*~*~tactically~*~*~ (outnumbered).
  1080 | D:2      | 1080 ||| Stepping ~*~*~tactically~*~*~ (outnumbered).
  1081 | D:2      | 1081 ||| Stepping ~*~*~tactically~*~*~ (outnumbered).
  1082 | D:2      | Reached skill level 1 in Throwing
  1085 | D:2      | HP: 7/36 [poisoned by a gnoll]
  1086 | D:2      | 1086 ||| READING scroll of teleportation.
  1087 | D:2      | Slain by a gnoll

Levels and vault maps discovered:
D:1:      ldierk_water_garden, layout_basic, serial_shops,
          nicolae_shop_bloodbath_and_beyond, nicolae_shop_advertising_works
          [nicolae_subvault_shop_adworks], shop, st_stairs_10,
          corexii_corridor_pit, dk_noncrumbling_2
D:2:      layout_basic, minmay_pentomino_w2

Skill      XL: |  1  2  3 |
---------------+----------+-----
Unarmed Combat | 4 |  4.4
Throwing       | 1 |  1.2
Fighting       | |  2.4
Spellcasting   | |  1.0
Fire Magic     | |  2.1

Action                   || total
-------------------------++-------
Melee: Unarmed           ||    51
Throw: Javelin           ||     1
Invok: Fiery Armour      ||     1
  Use: Scroll            ||     3
Armor: Robe              ||    13
Dodge: Dodged            ||    19

Table legend:
 A = Non-vault XP
 B = Vault XP
 C = Vault XP percentage of total XP
 D = Non-vault monster count
 E = Vault monster count
 F = Vault count percentage of total count
                 A         B        C        D         E       F
            +---------+---------+-------+---------+---------+-------
      Total |      78 |       4 |   4.9 |      25 |       3 |  10.7
            +---------+---------+-------+---------+---------+-------
        D:1 |      32 |       4 |  11.1 |      19 |       3 |  13.6
        D:2 |      46 |       0 |   0.0 |       6 |       0 |   0.0
            +---------+---------+-------+---------+---------+-------
